 Seeded DCSS version 0.30.0-19-g36f170ea60 (webtiles) character file.

Game seed: 8994729474104937668 (custom seed)

5401 CInkIbrahim the Cleaver (level 10, -1/56 HPs)
             Began as a Gargoyle Cinder Acolyte on May 28, 2023.
             Was an Initiate of Ignis.
             Slain by a troll (10 damage)
             ... on level 1 of the Orcish Mines.
             The game lasted 00:18:34 (7868 turns).

CInkIbrahim the Cleaver (Gargoyle Cinder Acolyte)   Turns: 7868, Time: 00:18:34

Health: -1/56      AC: 18    Str: 29    XL:     10   Next: 67%
Magic:  11/11      EV: 10    Int: 18    God:    Ignis [......]
Gold:   234        SH:  0    Dex:  3    Spells: 11/11 levels left

rFire   + . .        b - +4 hand axe
rCold   . . .        (no shield)
rNeg    + . .        u - +0 ring mail
rPois   ∞            t - +0 helmet
rElec   +            q - +0 cloak of Puetemn {rPois Str+7 Int+3 Dex-2}
rCorr   +            (no gloves)
SInv    +            A - +0 pair of boots
Will    .....        F - amulet of the acrobat Stlth
                     y - ring of resist corrosion
HPRegen 0.29/turn    w - ring of see invisible
MPRegen 0.12/turn

%: acrobat
@: no status effects
A: sickness immunity, AC +7, negative energy resistance 1, electricity
resistance, torment resistance 1, petrification resistance
a: Renounce Religion, Rising Flame


You were on level 1 of the Orcish Mines.
You worshipped Ignis.
Ignis was noncommittal.
You visited 2 branches of the dungeon, and saw 11 of its levels.

You collected 429 gold pieces.
You spent 195 gold pieces at shops.

Inventory:

Hand Weapons
 a - a +0 hand axe of flaming
 b - a +4 hand axe (weapon)
 c - a +2 rapier of venom
 E - a +0 war axe
 R - the +6 shortbow of the Vine {elec, Int+2 Dex+3}
   (You found it on level 7 of the Dungeon)

   Int:       It affects your intelligence (+2).
   Dex:       It affects your dexterity (+3).
Missiles
 D - 20 poisoned darts (quivered)
Armour
 e - a +0 cloak
 q - the +0 cloak of Puetemn (worn) {rPois Str+7 Int+3 Dex-2}
   (You found it on level 5 of the Dungeon)

   Str:       It affects your strength (+7).
   Int:       It affects your intelligence (+3).
   Dex:       It affects your dexterity (-2).
   rPois:     It protects you from poison.
 t - a +0 helmet (worn)
 u - a +0 ring mail (worn)
 A - a +0 pair of boots (worn)
 K - a +2 scale mail of poison resistance
 P - a +0 robe
Jewellery
 j - a ring of protection from fire
 w - a ring of see invisible (right hand)
 y - a ring of resist corrosion (left hand)
 F - an amulet of the acrobat (around neck)
 I - a ring of positive energy
 N - the ring "Xidapt" {Wiz *Slow +Blink rPois Dex+4}
   (You found it on level 7 of the Dungeon)

   [ring of wizardry]

   It improves your spell success rate.
   Dex:       It affects your dexterity (+4).
   rPois:     It protects you from poison.
   +Blink:    It lets you blink.
   *Slow:     It may slow you when you take damage.
Wands
 v - a wand of roots (25)
 H - a wand of mindburst (3)
 L - a wand of digging (6)
 S - a wand of flame (27)
 T - a wand of paralysis (9)
Scrolls
 d - 5 scrolls of vulnerability
 f - 2 scrolls of torment
 g - 3 scrolls of blinking
 h - 2 scrolls of fear
 i - 2 scrolls of immolation
 k - a scroll of magic mapping
 m - 4 scrolls of silence
 r - 4 scrolls of teleportation
 s - a scroll of enchant armour
 O - 2 scrolls of noise
Potions
 l - a potion of might
 n - 2 potions of magic
 o - 2 potions of brilliance {unknown}
 p - 2 potions of attraction {unknown}
 x - 3 potions of heal wounds
 z - 2 potions of mutation {unknown}
 B - a potion of cancellation {unknown}
 C - a potion of resistance {unknown}
 G - a potion of haste {unknown}
 J - 4 potions of curing


   Skills:
 - Level 3.2 Fighting
 + Level 12.8 Axes
 + Level 7.9 Armour
 - Level 1.0 Spellcasting
 - Level 3.0 Fire Magic


You had 11 spell levels left.
You didn't know any spells.
Your spell library contained the following spells:

 Spells                   Type           Power      Damage    Failure   Level
 Scorch                   Fire           22%        2d5       12%         2
 Freeze                   Ice            0%         1d3       26%         1
 Sandblast                Erth           0%         2d4       26%         1
 Summon Small Mammal      Summ           0%         N/A       26%         1
 Momentum Strike          Conj/Tloc      0%         3d8       38%         2
 Passwall                 Tmut/Erth      0%         N/A       38%         2
 Inner Flame              Hex/Fire       6%         N/A       41%         3
 Call Canine Familiar     Summ           0%         N/A       63%         3
 Frozen Ramparts          Ice            0%         1d1       63%         3
 Hailstorm                Conj/Ice       0%         3d3       63%         3
 Summon Guardian Golem    Hex/Summ       0%         N/A       63%         3
 Vhi's Electric Charge    Tloc/Air       0%         N/A       63%         3
 Petrify                  Tmut/Erth      0%         N/A       95%         4
 Borgnjor's Vile Clutch   Necr/Erth      0%         N/A       100%        5
 Irradiate                Conj/Tmut      0%         3d11      100%        5
 Iron Shot                Conj/Erth      0%         9d1       100%        6
 Fire Storm               Conj/Fire      3%         8d1       100%        9
 Sublimation of Blood     Necr           Unusable   N/A       N/A         2
 Statue Form              Tmut/Erth      Unusable   N/A       N/A         6

Dungeon Overview and Level Annotations

Branches:
Dungeon (10/15)            Temple (0/1) D:5             Orc (1/2) D:10
   Lair: D:8-11

Altars:
Ashenzari
Okawaru
Qazlal
Sif Muna
Xom
Yredelemnul
The Shining One

Shops:
D:4 ==   D:6 (((*

Annotations:
D:6 3 runed translucent doors, shadowrider38's ghost, novice MiFi
D:8 3 runed translucent doors, booth's ghost, novice GnRe


Innate Abilities, Weirdness & Mutations

You are immune to sickness and miasma.
Your stone body is resilient. (AC +7)
You are immune to poison.
You resist negative energy. (rN+)
You are resistant to electric shocks. (rElec)
You are resistant to unholy torment.
You are immune to petrification.


Message History

Found a stone staircase leading down.
No target in view!
(D) Dungeon (T) Temple (O) Orcish Mines
Where to? (Enter - D:9, ? - help)
You see here a +0 short sword.
There is a staircase back to the Dungeon here.
You climb upwards.
Welcome back to the Dungeon!
There is a staircase to the Orcish Mines here.
You climb downwards.
Welcome back to the Orcish Mines!
There is a staircase back to the Dungeon here.
You see here a +0 short sword.
A troll comes into view.
The troll shouts!
You barely miss the troll. The troll bites you.
The troll completely misses you. The troll claws you but does no damage.
You hit the troll.
The troll is lightly wounded.
You slash the troll!
The troll is moderately wounded.
The troll bites you but does no damage. The troll claws you! x2
You barely miss the troll.
The troll is moderately wounded.
The troll bites you.
The troll claws you but does no damage. x2
You barely miss the troll.
The troll is moderately wounded.
You hit the troll.
The troll is heavily wounded.
The troll bites you but does no damage. The troll closely misses you.
The troll claws you!
You slash the troll!
The troll is almost dead.
The troll bites you. The troll claws you but does no damage.
The troll claws you!
* * * LOW HITPOINT WARNING * * *
You barely miss the troll.
The troll is almost dead.
You closely miss the troll.
The troll is almost dead.
The troll bites you but does no damage. The troll claws you!
You die...

###...#.##.....).<#.#
##..##.....##.)(###
#...#.....##..##
#..#......#####
###....#.....##
#....#...##.#
##.......#### #
###....###.#.#
##.#.......@T.#
#..........#..#
#.#..#......##....
#...#..........##
##.>..#.......##
#...###.....## ##...
###...# ...## ..##
..#


You could see a troll.

Vanquished Creatures
  2 two-headed ogres
  A troll (D:10)
  Prince Ribbit (D:8)
  Sigmund (D:4)
  2 wyverns
  2 water moccasins
  Duvessa (D:6)
  A sky beast (D:6)
  A black bear (D:5)
  3 orc warriors
  3 ogres
  2 centaurs
  A kobold brigand (D:6)
  Blork the orc (D:4)
  4 scorpions
  5 bullfrogs
  7 wights
  Dowan (D:6)
  3 hounds
  5 jellies (D:5)
  A gnoll bouda (D:7)
  4 orc priests
  Terence (D:2)
  Jessica (D:3)
  2 sleepcaps
  6 iguanas
  6 orc wizards
  9 adders
  7 gnolls
  2 white imps
  An ufetubus (D:4)
  2 worms
  3 dart slugs
  29 orcs
  2 endoplasms (D:1)
  5 giant cockroaches
  11 hobgoblins
  4 quokkas
  6 ball pythons
  6 bats
  5 frilled lizards
  6 goblins
  9 kobolds
  3 rats
178 creatures vanquished.

Vanquished Creatures (others)
  33 foxfires
33 creatures vanquished.

Grand Total: 211 creatures vanquished

Notes
Turn   | Place    | Note
-------+----------+-------------------------------------------
     0 | D:1      | CInkIbrahim the Gargoyle Cinder Acolyte began the quest for
                  | the Orb.
     0 | D:1      | Reached XP level 1. HP: 14/14 MP: 2/2
    70 | D:1      | Reached skill level 3 in Axes
   146 | D:1      | Reached XP level 2. HP: 19/19 MP: 3/3
   295 | D:1      | Reached XP level 3. HP: 15/23 MP: 4/4
   777 | D:2      | Reached skill level 4 in Axes
  1177 | D:2      | Noticed Terence
  1194 | D:2      | Killed Terence
  1195 | D:2      | Reached XP level 4. HP: 5/28 MP: 5/5
  1205 | D:2      | HP: 1/28 [hobgoblin (3)]
  1652 | D:3      | Got the Tome of the Mantle
  1740 | D:3      | Noticed Jessica
  1752 | D:3      | Killed Jessica
  1891 | D:3      | Reached skill level 5 in Axes
  1938 | D:3      | Reached XP level 5. HP: 32/32 MP: 6/6
  2224 | D:4      | Noticed an ogre
  2226 | D:4      | Killed an ogre
  2228 | D:4      | Noticed Sigmund
  2241 | D:4      | Killed Sigmund
  2242 | D:4      | Reached skill level 6 in Axes
  2242 | D:4      | Reached XP level 6. HP: 17/37 MP: 7/7
  2317 | D:4      | Found Dapt's Jewellery Shop.
  2351 | D:4      | Reached skill level 7 in Axes
  2357 | D:4      | Reached XP level 7. HP: 34/41 MP: 8/8
  2696 | D:4      | Found Getyn's Jewellery Shop.
  2902 | D:4      | Reached skill level 1 in Armour
  2904 | D:4      | Found a shimmering blue altar of Sif Muna.
  2904 | D:4      | Found a shimmering altar of Xom.
  2904 | D:4      | Found an iron altar of Okawaru.
  2906 | D:4      | Found a stormy altar of Qazlal.
  2927 | D:4      | Found a broken altar of Ashenzari.
  3004 | D:4      | Noticed Blork the orc
  3022 | D:4      | Killed Blork the orc
  3118 | D:5      | Entered Level 5 of the Dungeon
  3164 | D:5      | Found a staircase to the Ecumenical Temple.
  3227 | D:5      | Reached skill level 8 in Axes
  3227 | D:5      | Reached XP level 8. HP: 46/46 MP: 9/9
  3574 | D:5      | Identified the +0 cloak of Puetemn {rPois Str+7 Int+3
                  | Dex-2}
  3645 | D:5      | Reached skill level 9 in Axes
  4296 | D:6      | Found Loihe's General Store.
  4306 | D:6      | Bought 2 scrolls of identify for 60 gold pieces
  4306 | D:6      | Bought a potion of curing for 45 gold pieces
  4306 | D:6      | Bought a scroll of identify for 30 gold pieces
  4306 | D:6      | Bought a scroll of fear for 60 gold pieces
  4459 | D:6      | Reached XP level 9. HP: 21/51 MP: 10/10
  4461 | D:6      | Reached skill level 10 in Axes
  4593 | D:6      | Reached skill level 5 in Armour
  4716 | D:6      | Found a runed translucent gate.
  4716 | D:6      | Found a runed translucent gate.
  4716 | D:6      | Found a runed translucent gate.
  4717 | D:6      | Noticed shadowrider38's ghost (novice MiFi)
  4914 | D:6      | Found Gott's Antique Weapon Shop.
  5002 | D:6      | Noticed Dowan
  5002 | D:6      | Noticed Duvessa
  5014 | D:6      | Killed Duvessa
  5019 | D:6      | Killed Dowan
  5068 | D:6      | Found Mufrysk's Antique Weapon Boutique.
  5194 | D:6      | Found Omyonnom's Antique Weapon Shop.
  5607 | D:7      | Found a glowing golden altar of the Shining One.
  5609 | D:7      | Noticed an angel
  5622 | D:7      | Found a basalt altar of Yredelemnul.
  5626 | D:7      | Noticed a profane servitor
  5697 | D:7      | Identified the ring "Xidapt" {Wiz *Slow +Blink rPois Dex+4}
  5869 | D:7      | Reached skill level 11 in Axes
  5984 | D:7      | Identified the +6 shortbow of the Vine {elec, Int+2 Dex+3}
  6208 | D:8      | Noticed a two-headed ogre
  6212 | D:8      | Killed a two-headed ogre
  6213 | D:8      | Reached XP level 10. HP: 56/56 MP: 11/11
  6389 | D:8      | Reached skill level 12 in Axes
  6396 | D:8      | Got the Volume of the Sweltering Compass
  6677 | D:8      | Noticed Prince Ribbit
  6686 | D:8      | Killed Prince Ribbit
  6803 | D:8      | Found a runed translucent gate.
  6803 | D:8      | Found a runed translucent gate.
  6803 | D:8      | Found a runed translucent gate.
  6907 | D:8      | Noticed booth's ghost (novice GnRe)
  7099 | D:9      | You fall into a shaft and drop 1 floor!
  7099 | D:10     | Entered Level 10 of the Dungeon
  7115 | D:10     | Noticed a two-headed ogre
  7129 | D:10     | Killed a two-headed ogre
  7523 | D:10     | Found a staircase to the Orcish Mines.
  7553 | Orc:1    | Entered Level 1 of the Orcish Mines
  7868 | Orc:1    | Slain by a troll

Illustrated notes

Levels and vault maps discovered:
D:1:      ncdulo_halloftheorcs, layout_rooms, minmay_tetromino_o4
D:2:      layout_loops_cross, uniq_terence
D:3:      layout_basic, serial_forest, infiniplex_forest_diagonal,
          infiniplex_forest_straight_2, infiniplex_forest_lined_1,
          infiniplex_forest_lined_corner, infiniplex_forest_clump_small,
          infiniplex_forest_zigzag_2, infiniplex_forest_clump_tiny, uniq_jessica
D:4:      layout_basic, grunt_temple_overflow_open, serial_shops, shop,
          minmay_misc_feat_nine_boxes, minivault_24,
          minmay_shop_enchanted_jewellery, uniq_blork_the_orc, uniq_sigmund
D:5:      minmay_angry_zag, layout_gridville, minmay_temple_entry_junction_2,
          eino_tiny_chamber
D:6:      layout_loops_corners, serial_shops, kennysheep_little_box,
          nicolae_shop_temple_entry_statues_fountains, nicolae_shop_waterfront,
          nicolae_lakefront_shop, gammafunk_ghost_nasty_kobolds, st_stairs_14,
          dk_noncrumbling_4, hangedman_decor_riveting, nicolae_wand_duel,
          uniq_duvessa
D:7:      layout_cave_pools, grunt_temple_overflow_holy_war
D:8:      layout_cave_pools, gammafunk_ghost_icy, uniq_prince_ribbit1
D:9:      layout_cave_pods, serial_column_ruins, column_ruins_columns_straight,
          column_ruins_open_tiny, column_ruins_open_small,
          column_ruins_corridor_straight, column_ruins_corridor_straight,
          hangedman_misty_isle
D:10:     layout_loops_corners, minmay_lair_entry_grove, orc_0_dummy,
          serial_shops, nicolae_shop_getting_attention, enter_trove_3,
          dilly_guarded_unrand_devastator
Orc:1:    layout_diamond_mine, serial_shops, nicolae_square_shop,
          hellmonk_bongcloud_opening

Skill      XL: |  1  2  3  4  5  6  7  8  9 10 |
---------------+-------------------------------+-----
Axes           | 3 4 5 6 7 8 9 11 12 | 12.8
Armour         | 2 4 6 7 |  7.9
Fighting       | |  3.2
Spellcasting   | |  1.0
Fire Magic     | |  3.0

Action                     |  1- 3 |  4- 6 |  7- 9 | 10-12 || total
---------------------------+-------+-------+-------+-------++-------
  Melee: Hand axe          |   101 |   103 |   416 |   155 ||   775
         Punch             |     2 |     2 |     7 |     1 ||    12
 Invoke: Foxfire Swarm     |       |     2 |     2 |       ||     4
         Fiery Armour      |       |     1 |     6 |       ||     7
  Evoke: Wand              |       |       |     8 |     3 ||    11
    Use: Scroll            |       |     4 |     7 |     4 ||    15
         Potion            |       |     2 |     2 |     1 ||     5
 Armour: Robe              |    34 |     5 |       |       ||    39
         Ring mail         |       |    49 |   195 |    75 ||   319
  Dodge: Dodged            |    62 |    52 |   178 |    74 ||   366
